 Dungeon Crawl Stone Soup version 0.23-a0-767-gdc19b93d68 (webtiles) character file.

28 Brecoman the Skirmisher (level 2, -1/28 HPs)
             Began as a Demigod Wanderer on Jan 23, 2019.
             Slain by a hobgoblin
             ... wielding a +0 club
              (4 damage)
             ... on level 1 of the Dungeon.
             The game lasted 00:02:53 (790 turns).

Brecoman the Skirmisher (Demigod Wanderer)           Turns: 790, Time: 00:02:54

Health: -1/28      AC:  2    Str: 17    XL:     2   Next: 78%
Magic:  4/4        EV: 11    Int: 15    God:
Gold:   0          SH:  0    Dex: 14    Spells: 1/1 levels left

rFire    . . .     SeeInvis .   n - +0 hand axe (curse)
rCold    . . .     Gourm    .   (no shield)
rNeg     . . .     Faith    .   e - +0 robe
rPois    .         Spirit   .   (no helmet)
rElec    .         Reflect  .   (no cloak)
rCorr    .         Harm     .   (no gloves)
MR       .....                  (no boots)
Stlth    ++........             (no amulet)
HPRegen  0.09/turn              (no ring)
MPRegen  0.09/turn              (no ring)

@: no status effects
A: high mp 1
a: no special abilities


You were on level 1 of the Dungeon.
You were not hungry.

You visited 1 branch of the dungeon, and saw 1 of its levels.

Inventory:

Hand Weapons
 a - a +0 spear
 b - a +2 blowgun
 n - a cursed +0 hand axe (weapon)
Missiles
 c - 4 curare-tipped needles
Armour
 e - a +0 robe (worn)
Jewellery
 g - an uncursed ring of fire {unknown}
 o - an uncursed amulet of the acrobat {unknown}
Scrolls
 i - a scroll of fear {unknown}
 j - a scroll of teleportation {unknown}
 m - a scroll of identify {unknown}
 q - a scroll of remove curse {unknown}
Potions
 d - a potion of lignification
 k - a potion of mutation {unknown}
 l - a potion of heal wounds {unknown}
 p - a potion of agility {unknown}
Comestibles
 f - 3 rations
 h - 6 chunks of flesh


   Skills:
 + Level 4.9 Fighting
 + Level 1.5 Polearms
 + Level 1.5 Throwing
 - Level 1.0 Armour
 - Level 1.0 Stealth
   Level 1.0 Shields


You had one spell level left.
You didn't know any spells.
Your spell library was empty.

Dungeon Overview and Level Annotations

Branches:
Dungeon (1/15)


Innate Abilities, Weirdness & Mutations

You have an increased reservoir of magic. (+10% MP)


Message History

A kobold comes into view.
The hobgoblin hits you but does no damage. x2
You are too injured to fight recklessly!
You are too injured to fight recklessly!
The hobgoblin hits you with a +0 club. x2
* * * LOW HITPOINT WARNING * * *
You hit the hobgoblin.
The hobgoblin is severely wounded.
You hit the hobgoblin but do no damage. The hobgoblin hits you with a +0 club.
* * * LOW HITPOINT WARNING * * *
The hobgoblin hits you with a +0 club.
* * * LOW HITPOINT WARNING * * *
The hobgoblin hits you with a +0 club.
* * * LOW HITPOINT WARNING * * *
A rat comes into view.
The kobold throws a stone.
The stone closely misses you.
You closely miss the hobgoblin.
The hobgoblin hits you but does no damage.
You closely miss the hobgoblin. The hobgoblin hits you with a +0 club.
You die...

#.#.#.#...........#..###.##.##...
#.#.#.#...)..#....#.......#.#####
#.#.#........#....#...#####.#....
#.#.####.....###..#...#...#.#.###
#.#.# #..............#.#.#.#....
#.#+# #.......#..##..#.#........
#.. ...#.#............#'#+#......
# ..##.#...#.#####..........### #
...##.#...#..@g...÷........+.. #
...# #####g..÷........##. # ....+
#............##. ##....###
#............##. .........
#####...K........##. .##......
.................##. ...####
##.#######..r.##########.
.....####...####.....K##########.
.#.....#..≈..#.....#.......÷.....


You could see 2 hobgoblins and a kobold.

Vanquished Creatures
  An ooze (D:1)
  2 dart slugs (D:1)
  2 leopard geckos (D:1)
  4 bats (D:1)
  2 hobgoblins (D:1)
  2 frilled lizards (D:1)
  2 kobolds (D:1)
  5 rats (D:1)
20 creatures vanquished.

Notes
Turn   | Place    | Note
-------+----------+-------------------------------------------
     0 | D:1      | Brecoman the Demigod Wanderer began the quest for the Orb.
     0 | D:1      | Brecoman set off with the following items: 4 curare-tipped
                  | needles, a +2 blowgun, a +0 spear, a potion of
                  | lignification, a +0 robe, a ration
     0 | D:1      | Reached XP level 1. HP: 22/22 MP: 3/3
   208 | D:1      | Reached XP level 2. HP: 28/28 MP: 4/4
   768 | D:1      | HP: 1/28 [hobgoblin/+0 club (2)]
   790 | D:1      | Slain by a hobgoblin

Vault maps used:
D:1:      eino_arrival_water_star, minmay_tromino_v7

Action                   || total
-------------------------++-------
Melee: Spear             ||    45
       Hand axe          ||    31
Armor: Robe              ||    12
Dodge: Dodged            ||    40

Table legend:
 A = Non-vault XP
 B = Vault XP
 C = Vault XP percentage of total XP
 D = Non-vault monster count
 E = Vault monster count
 F = Vault count percentage of total count
                 A         B        C        D         E       F
            +---------+---------+-------+---------+---------+-------
      Total |      41 |       0 |   0.0 |      20 |       0 |   0.0
            +---------+---------+-------+---------+---------+-------
        D:1 |      41 |       0 |   0.0 |      20 |       0 |   0.0
            +---------+---------+-------+---------+---------+-------
